[Event "WALTON 40th BAN-ch U20 Open 2022"]
[Site "Dhaka"]
[Date "2022.02.18"]
[Round "4.8"]
[White "Azharul, Karim"]
[Black "Sajidul, Haque"]
[Result "0-1"]
[ECO "D02"]
[WhiteElo "1315"]
[BlackElo "1766"]
[Annotator "NA RC"]
[PlyCount "56"]
[EventDate "2022.02.15"]
[EventType "swiss"]
[EventCountry "BAN"]
[SourceTitle "playchess.com"]
[Source "ChessBase"]
[SourceQuality "1"]
[TimeControl "5400+30"]

1. d4 d5 2. Bf4 Nf6 3. e3 e6 4. Nf3 Bd6 5. Bg3 O-O 6. Bd3 c5 7. c3 Nc6 8. Nbd2 Re8 9. Ne5 Qe7 10. h4 Nd7 11. f4 Nf8 12. Qh5 f6 13. Nef3 g6 14. Qh6 Nd8 15. Ng5 fxg5 16. hxg5 Nf7 17. Qh4 cxd4 18. exd4 Bb8 19. O-O-O Nd6 20. Nf3 Nf5 21. Bxf5 exf5 22. Rde1 Be6 23. Ne5 Bxe5 24. dxe5 d4 25. cxd4 Bxa2 26. Re2 Rac8+ 27. Kd1 Bb3+ 28. Ke1 Qd8 0-1

[Event "WALTON 40th BAN-ch U20 Open 2022"]
[Site "Dhaka"]
[Date "2022.02.19"]
[Round "5.1"]
[White "Noshin, Anjum"]
[Black "Manon, Reja Neer"]
[Result "0-1"]
[ECO "B15"]
[WhiteElo "2017"]
[BlackElo "2209"]
[Annotator "ChessBase"]
[PlyCount "98"]
[EventDate "2022.02.15"]
[EventType "swiss"]
[EventCountry "BAN"]
[SourceTitle "playchess.com"]
[Source "ChessBase"]
[SourceQuality "1"]
[TimeControl "5400+30"]

1. e4 c6 2. d4 d5 3. Nc3 dxe4 4. Nxe4 Nf6 5. Nxf6+ exf6 6. c3 Bd6 7. Bd3 O-O 8. Qc2 Re8+ 9. Ne2 h5 10. Be3 Nd7 11. O-O-O Nf8 12. Kb1 Be6 13. c4 Rc8 14. Nc3 Qa5 15. a3 Bb8 16. Ne4 Rcd8 17. Nc5 Bc8 18. Bf5 Qc7 19. g3 b6 20. Nb3 g6 21. Bxc8 Qxc8 22. d5 c5 23. Rhe1 Qh3 24. f4 h4 25. Qf2 Bd6 26. gxh4 Re7 27. Ka2 Rde8 28. Bd2 Rxe1 29. Rxe1 Rxe1 30. Bxe1 Qd3 31. Nd2 Qf5 32. Nf1 Qe4 33. b3 Bxf4 34. Ng3 Qe5 35. Bd2 Bxd2 36. Qxd2 Nd7 37. Qe2 Kg7 38. Qg4 f5 39. Qg5 f6 40. Qd2 f4 41. Ne2 g5 42. hxg5 fxg5 43. Ng1 Qe4 44. Kb2 Ne5 45. Qe2 Qd4+ 46. Kc2 g4 47. h3 f3 48. Qd2 Qxd2+ 49. Kxd2 f2 0-1

[Event "WALTON 40th BAN-ch U20 Open 2022"]
[Site "Dhaka"]
[Date "2022.02.19"]
[Round "5.2"]
[White "Subrota, Biswas"]
[Black "Swarnavo Choudhury"]
[Result "1-0"]
[ECO "B48"]
[WhiteElo "2202"]
[BlackElo "1945"]
[Annotator "ChessBase"]
[PlyCount "57"]
[EventDate "2022.02.15"]
[EventType "swiss"]
[EventCountry "BAN"]
[SourceTitle "playchess.com"]
[Source "ChessBase"]
[SourceQuality "1"]
[TimeControl "5400+30"]

1. e4 c5 2. Nf3 e6 3. d4 cxd4 4. Nxd4 Nc6 5. Nc3 Qc7 6. Be3 a6 7. g4 Nxd4 8. Qxd4 b5 9. O-O-O Bb7 10. f3 Rc8 11. Qd2 Bb4 12. Bd4 f6 13. a3 Bxc3 14. Bxc3 d5 15. Bd3 Ne7 16. g5 e5 17. gxf6 gxf6 18. Ba5 Qd6 19. Rhg1 Kf7 20. exd5 f5 21. Bb4 Qf6 22. Bxe7 Kxe7 23. Qb4+ Kf7 24. Qb3 Rcd8 25. c4 Rd7 26. d6 Rxd6 27. cxb5+ Bd5 28. Bc4 Bxc4 29. Qxc4+ 1-0

[Event "WALTON 40th BAN-ch U20 Open 2022"]
[Site "Dhaka"]
[Date "2022.02.19"]
[Round "5.3"]
[White "Zia, Tahsin Tajwar"]
[Black "Md, Azmaeen Parvez Sayor"]
[Result "1-0"]
[ECO "C24"]
[WhiteElo "2283"]
[BlackElo "1920"]
[Annotator "ChessBase"]
[PlyCount "152"]
[EventDate "2022.02.15"]
[EventType "swiss"]
[EventCountry "BAN"]
[SourceTitle "playchess.com"]
[Source "ChessBase"]
[SourceQuality "1"]
[TimeControl "5400+30"]

1. e4 e5 2. Bc4 Nf6 3. d3 d5 4. exd5 Nxd5 5. Nf3 Nc6 6. h3 Be7 7. O-O O-O 8. Re1 Bf6 9. Nbd2 a6 10. Ne4 Be7 11. c3 h6 12. Ng3 Nb6 13. Bb3 Bd6 14. Be3 Re8 15. Ne4 Bf8 16. Nfg5 Nd5 17. Qf3 Be6 18. Nxe6 fxe6 19. Rad1 Bd6 20. Qg4 Kh8 21. c4 Nf6 22. Nxf6 Qxf6 23. c5 Bf8 24. Ba4 Qf5 25. Qe4 Qxe4 26. dxe4 Red8 27. Bxc6 bxc6 28. Kf1 Kg8 29. Ke2 Kf7 30. b3 Ke8 31. Rc1 Rdb8 32. Rc4 Rd8 33. Rec1 Rd7 34. R1c2 Kd8 35. Bc1 Be7 36. Bb2 Bf6 37. Rd2 Rxd2+ 38. Kxd2 Kc8 39. Rc3 Kd7 40. Ke2 Rd8 41. Bc1 Kc8 42. Be3 Rd7 43. Rc1 Rd8 44. Rg1 Rh8 45. Rd1 Rd8 46. Rh1 Rh8 47. g3 Kd7 48. f4 a5 49. Kf3 Rb8 50. f5 exf5 51. exf5 a4 52. Rb1 Rb4 53. Bd2 Rd4 54. Ke2 axb3 55. Rxb3 Rc4 56. Rc3 Ra4 57. a3 e4 58. Rb3 Rc4 59. Be3 Be7 60. Rb4 Rc2+ 61. Kd1 Rc3 62. Kd2 Rxa3 63. Rd4+ Ke8 64. Rxe4 Kf7 65. Re6 Ra6 66. g4 Bf6 67. Kd3 Ra3+ 68. Kc4 Ra6 69. Kb4 Be7 70. Bf4 Bd8 71. Be5 Kf8 72. Rg6 Ra8 73. Bxg7+ Kf7 74. Bxh6 Bf6 75. g5 Rb8+ 76. Kc4 Ke7 1-0

[Event "WALTON 40th BAN-ch U20 Open 2022"]
[Site "Dhaka"]
[Date "2022.02.19"]
[Round "5.5"]
[White "Mohammed, Sagar Ullah"]
[Black "Justin Matthias Baroi"]
[Result "0-1"]
[ECO "C02"]
[WhiteElo "1924"]
[BlackElo "1575"]
[Annotator "ChessBase"]
[PlyCount "68"]
[EventDate "2022.02.15"]
[EventType "swiss"]
[EventCountry "BAN"]
[SourceTitle "playchess.com"]
[Source "ChessBase"]
[SourceQuality "1"]
[TimeControl "5400+30"]

1. e4 e6 2. d4 d5 3. e5 c5 4. c3 Nc6 5. Nf3 Bd7 6. Bd3 Qb6 7. dxc5 Bxc5 8. O-O a5 9. Nbd2 a4 10. b4 axb3 11. Nxb3 Nge7 12. a4 Na5 13. Nxc5 Qxc5 14. Qc2 Rc8 15. Bb2 Nc4 16. Bxc4 Qxc4 17. Rfc1 Nf5 18. Qd1 Qg4 19. h3 Qf4 20. Qb3 Bc6 21. Re1 d4 22. Nxd4 Nxd4 23. cxd4 Qg5 24. f3 O-O 25. Qe3 Qg6 26. Ba3 Rfe8 27. Bc5 f6 28. Kh2 fxe5 29. Qxe5 Rcd8 30. Qg3 Qf6 31. a5 Rd5 32. a6 Rg5 33. Qc7 Rxg2+ 34. Kh1 Qxf3 0-1

[Event "WALTON 40th BAN-ch U20 Open 2022"]
[Site "Dhaka"]
[Date "2022.02.19"]
[Round "5.6"]
[White "Mortuza Muhtadi, Islam"]
[Black "Dibya, Das Gupta"]
[Result "0-1"]
[ECO "D63"]
[WhiteElo "1485"]
[BlackElo "1923"]
[Annotator "ChessBase"]
[PlyCount "52"]
[EventDate "2022.02.15"]
[EventType "swiss"]
[EventCountry "BAN"]
[SourceTitle "playchess.com"]
[Source "ChessBase"]
[SourceQuality "1"]
[TimeControl "5400+30"]

1. d4 d5 2. c4 e6 3. Nf3 Nf6 4. Bg5 Be7 5. Nc3 O-O 6. e3 a6 7. Bd3 dxc4 8. Bxc4 b5 9. Bd3 Bb7 10. O-O Nbd7 11. Rc1 c5 12. b3 Rc8 13. Qe2 Qa5 14. Bxf6 Bxf6 15. Ne4 Be7 16. Rfd1 g6 17. h4 cxd4 18. exd4 Nf6 19. Qd2 Qxd2 20. Nexd2 Ba3 21. Rxc8 Rxc8 22. Ne5 Nd5 23. Be4 f6 24. Nd3 Bd6 25. Rc1 Rxc1+ 26. Nxc1 Bf4 0-1

[Event "WALTON 40th BAN-ch U20 Open 2022"]
[Site "Dhaka"]
[Date "2022.02.19"]
[Round "5.7"]
[White "Siam, Chowdhury"]
[Black "Mortuza Mahathir, Islam"]
[Result "0-1"]
[ECO "B26"]
[WhiteElo "1421"]
[BlackElo "1877"]
[Annotator "NA"]
[PlyCount "108"]
[EventDate "2022.02.15"]
[EventType "swiss"]
[EventCountry "BAN"]
[SourceTitle "playchess.com"]
[Source "ChessBase"]
[SourceQuality "1"]
[TimeControl "5400+30"]

1. e4 c5 2. Nc3 Nc6 3. g3 g6 4. Bg2 Bg7 5. d3 d6 6. Be3 Rb8 7. Nge2 b5 8. Qd2 b4 9. Nd1 $1 Nd4 10. O-O e6 11. c3 Nxe2+ 12. Qxe2 bxc3 13. bxc3 Ba6 14. Qd2 Ne7 15. f4 O-O 16. Nf2 Qa5 17. Nd1 d5 18. Rf2 dxe4 19. Bxe4 (19. dxe4 $17 {only move.} Rfd8 20. Qe1) 19... Nd5 (19... Rfd8 $19 20. d4 Nf5 21. Bxf5 exf5) 20. Rc1 ({White should try} 20. Bxd5 $15 exd5 21. d4) 20... Nxe3 21. Nxe3 Rfd8 22. c4 Qa3 23. Rd1 (23. Qe1 $142) 23... Bd4 24. Kf1 Bxe3 25. Qxe3 {[%emt 0:00:21] [#]} Bxc4 $1 26. Rdd2 Rb1+ 27. Kg2 Bd5 28. Rfe2 $11 Qc1 29. Qf2 Qa3 ({Black should try} 29... Qc3 $17 30. Kh3 Qa5 31. Bxd5 Rxd5) 30. Rc2 $2 Bxe4+ $2 (30... Qxd3 $1 $19 {is more deadly.} 31. Qf3 Bxe4 32. Qxe4 Qd1) 31. dxe4 Rd4 (31... Rc1 $17 32. Rxc1 Qxc1) 32. Red2 (32. f5 $1 $15) 32... Qb4 33. Re2 (33. Kh3 $17) 33... a5 (33... Rxe4 $19 34. Kh3 Rxe2 35. Qxe2 Qd4) 34. Re3 (34. f5 $17 {was worth a try.} Rxe4 35. fxe6 Rxe6 36. Rxe6 Qb7+ 37. Kh3) 34... Rxe4 35. Rxe4 Qxe4+ 36. Kh3 Qd4 37. Qf3 Rb8 38. Qa3 Qb4 39. Qe3 c4 40. Qd4 Rc8 41. Qd7 Qc5 42. Rc3 $2 (42. Qd2) 42... h5 (42... Qh5+ $142 43. Kg2 Qe2+ 44. Kh3 Rb8) 43. Qd2 Qf5+ 44. Kg2 Qd5+ 45. Qxd5 exd5 46. Kf3 d4 47. Rc1 f5 48. Ke2 Kf7 49. Kd2 Ke6 50. Re1+ $19 Kd6 51. Re5 c3+ 52. Kc2 d3+ 53. Kc1 c2 54. Rb5 d2+ 0-1

[Event "WALTON 40th BAN-ch U20 Open 2022"]
[Site "Dhaka"]
[Date "2022.02.19"]
[Round "5.8"]
[White "Sajidul, Haque"]
[Black "Kazi Afsan Rawnak, Anan"]
[Result "0-1"]
[ECO "B92"]
[WhiteElo "1766"]
[BlackElo "1524"]
[Annotator "NA"]
[PlyCount "88"]
[EventDate "2022.02.15"]
[EventType "swiss"]
[EventCountry "BAN"]
[SourceTitle "playchess.com"]
[Source "ChessBase"]
[SourceQuality "1"]
[TimeControl "5400+30"]

1. e4 c5 2. Nf3 d6 3. d4 cxd4 4. Nxd4 Nf6 5. Nc3 a6 6. Be2 e5 7. Nb3 Be7 8. Bg5 Be6 9. Bxf6 Bxf6 10. Nd5 Nd7 11. O-O Bg5 12. Qd3 Nb6 13. Rae1 Nxd5 14. exd5 Bd7 15. Nd2 O-O 16. c4 f5 17. b4 e4 18. Qd4 Bxd2 19. Qxd2 f4 20. Bd1 f3 21. Rxe4 Bf5 22. Rf4 fxg2 23. Re1 Qg5 24. Rd4 Qf6 25. Ba4 b5 26. Bb3 bxc4 27. Bxc4 Rf7 28. a4 Bd7 29. b5 axb5 30. axb5 Rb8 31. Rb1 Rbf8 32. b6 Bc8 33. Rb2 Qe5 34. Rh4 Rxf2 35. Qxf2 Rxf2 36. Rxf2 g5 37. Rh6 Qe1+ 38. Kxg2 Qe4+ 39. Kg1 Qxc4 40. Rxd6 Bh3 41. Rdf6 Qg4+ 42. Kh1 Qd1+ 43. Rf1 Bxf1 44. Kg1 Bh3+ 0-1

[Event "WALTON 40th BAN-ch U20 Open 2022"]
[Site "Dhaka"]
[Date "2022.02.20"]
[Round "6.1"]
[White "Manon, Reja Neer"]
[Black "Zia, Tahsin Tajwar"]
[Result "1/2-1/2"]
[ECO "B72"]
[WhiteElo "2209"]
[BlackElo "2283"]
[Annotator "RC"]
[PlyCount "73"]
[EventDate "2022.02.15"]
[EventType "swiss"]
[EventCountry "BAN"]
[SourceTitle "playchess.com"]
[Source "ChessBase"]
[SourceQuality "1"]
[TimeControl "5400+30"]

1. e4 c5 2. Nf3 d6 3. d4 cxd4 4. Nxd4 Nf6 5. Nc3 g6 6. Be3 Nc6 7. f3 h5 8. Qd2 Nxd4 9. Bxd4 Bh6 10. Be3 Bxe3 11. Qxe3 Be6 12. Bd3 Qa5 13. O-O Rc8 14. Kh1 Qc5 15. Qe2 a6 16. a3 h4 17. Qf2 Nh5 18. Qxc5 Rxc5 19. Rf2 Nf4 20. Rd1 g5 21. Rff1 b5 22. Kg1 Ng6 23. Rd2 Ne5 24. Kf2 h3 25. g4 Kd7 26. Ke3 Rb8 27. Ra1 Bc4 28. Nd1 Ng6 29. Nc3 Rbc8 30. Ne2 Ne5 31. Ng1 Rh8 32. Ne2 Be6 33. Nd4 Bc4 34. Ne2 e6 35. Rb1 Ba2 36. Ra1 Bc4 37. Rb1 1/2-1/2

[Event "WALTON 40th BAN-ch U20 Open 2022"]
[Site "Dhaka"]
[Date "2022.02.20"]
[Round "6.3"]
[White "Justin Matthias Baroi"]
[Black "Noshin, Anjum"]
[Result "0-1"]
[ECO "D00"]
[WhiteElo "1575"]
[BlackElo "2017"]
[Annotator "NA RC"]
[PlyCount "86"]
[EventDate "2022.02.15"]
[EventType "swiss"]
[EventCountry "BAN"]
[SourceTitle "playchess.com"]
[Source "ChessBase"]
[SourceQuality "1"]
[TimeControl "5400+30"]

1. d4 d5 2. Nc3 Nf6 3. Bf4 e6 4. e3 Bb4 5. Bd3 c5 6. dxc5 Nbd7 7. a3 (7. Nge2 $11) 7... Bxc3+ 8. bxc3 e5 9. Bg3 Qa5 10. Qd2 {[%emt 0:04:15] [#]} ({Don't go for} 10. Ne2 $2 e4 11. O-O (11. c6 $2 bxc6 12. O-O O-O $19) 11... exd3 12. cxd3 Nxc5 $19) 10... Qxc5 ({Better is} 10... h5 $1 $17 11. h4 O-O) 11. Nh3 (11. f4 $17) 11... O-O 12. O-O (12. f4 $142) 12... Re8 13. f3 Nb6 14. Nf2 e4 15. fxe4 dxe4 16. Be2 Be6 17. Qd4 {[%emt 0:04:24] [#]} Rac8 (17... Qxd4 $142 $1 18. cxd4 Bc4) 18. Be5 Bc4 19. Bxf6 Bxe2 20. Rfe1 gxf6 21. Rxe2 {[%emt 0:02:01] [#]} Qxc3 (21... f5 $1 $17 22. Qxc5 Rxc5) 22. Rd1 Qxd4 23. exd4 f5 24. Nh3 Nc4 25. a4 Nd6 26. Nf4 Rc4 27. Nd5 Kg7 ({Weaker is} 27... Rxa4 28. Nf6+ Kf8 29. Nxe8 Kxe8 30. Re3 $15) 28. a5 Ra4 29. Re3 Re6 30. Nf4 Re8 31. Rg3+ Kf8 32. Nh5 Rc8 ({Don't blunder} 32... Rxa5 $2 33. Rc3 $19) 33. c3 Rac4 34. Nf6 Rxc3 35. Rxc3 Rxc3 36. Nd7+ Ke7 37. Nc5 Ra3 38. Rc1 $19 Rxa5 39. Nxb7 Nxb7 40. Rc7+ Ke6 41. Rxb7 e3 42. Rb1 Kd5 43. Kf1 Kxd4 0-1

[Event "WALTON 40th BAN-ch U20 Open 2022"]
[Site "Dhaka"]
[Date "2022.02.20"]
[Round "6.4"]
[White "Kazi Afsan Rawnak, Anan"]
[Black "Swarnavo Choudhury"]
[Result "0-1"]
[ECO "C05"]
[WhiteElo "1524"]
[BlackElo "1945"]
[Annotator "NA RC"]
[PlyCount "70"]
[EventDate "2022.02.15"]
[EventType "swiss"]
[EventCountry "BAN"]
[SourceTitle "playchess.com"]
[Source "ChessBase"]
[SourceQuality "1"]
[TimeControl "5400+30"]

1. e4 e6 2. d4 d5 3. Nd2 c5 4. Ngf3 Nc6 5. c3 Nf6 6. e5 Ne4 7. Bd3 Nxd2 8. Bxd2 Qb6 9. Qb3 ({White should play} 9. dxc5 $11 Qxb2 10. O-O) 9... Bd7 (9... Qxb3 $142 10. axb3 cxd4) 10. Be3 (10. dxc5 $142 Bxc5 11. O-O) 10... c4 11. Qxb6 axb6 12. Bc2 b5 $1 13. b4 (13. a3 $142) 13... cxb3 14. Bxb3 b4 15. Bd2 Na5 16. O-O bxc3 17. Bxc3 Ba3 18. Rab1 O-O 19. Bb2 Be7 20. Rfc1 Rfc8 21. Rxc8+ Rxc8 22. Rc1 Nc4 23. Ba1 h6 24. Rc2 Bb4 $17 25. Bc3 Na3 26. Bxb4 Nxc2 27. Bc5 Nxd4 28. Nxd4 Rxc5 29. Kf1 f6 30. f4 Kf7 31. Ke2 Bb5+ 32. Kd2 Bc4 33. f5 Bxb3 34. axb3 fxe5 35. fxe6+ Kf6 0-1

[Event "WALTON 40th BAN-ch U20 Open 2022"]
[Site "Dhaka"]
[Date "2022.02.20"]
[Round "6.6"]
[White "Souradip, Datta"]
[Black "Mortuza Mahathir, Islam"]
[Result "0-1"]
[ECO "B45"]
[WhiteElo "1198"]
[BlackElo "1877"]
[Annotator "NA"]
[PlyCount "52"]
[EventDate "2022.02.15"]
[EventType "swiss"]
[EventCountry "BAN"]
[SourceTitle "playchess.com"]
[Source "ChessBase"]
[SourceQuality "1"]
[TimeControl "5400+30"]

1. e4 c5 2. Nf3 e6 3. d4 cxd4 4. Nxd4 Nc6 5. Nc3 Nf6 6. Bg5 Be7 7. Nxc6 bxc6 8. e5 Nd5 9. Bxe7 Qxe7 10. Nxd5 (10. Qd4 $11) 10... exd5 11. Qd4 (11. Qe2 $142) 11... d6 12. f4 O-O 13. O-O-O dxe5 14. fxe5 (14. Qxe5 $142 Qxe5 15. fxe5) 14... Re8 (14... Be6 $142 15. Kb1 Rfb8) 15. Re1 Be6 16. a3 (16. Qf2 {might work better.}) 16... c5 17. Qd2 Rab8 18. c3 $2 (18. Re3 {might work better.}) 18... Rb6 19. Re2 c4 20. Qd4 Reb8 21. g3 {[%emt 0:06:55] [#]} Rb5 22. b4 Rxb4 $4 23. Rd2 Rb2 24. Rxb2 Qxa3 25. Qd2 Qa1+ 26. Kc2 Rxb2# 0-1

[Event "WALTON 40th BAN-ch U20 Open 2022"]
[Site "Dhaka"]
[Date "2022.02.21"]
[Round "7.7"]
[White "Sajib, Das"]
[Black "Justin Matthias Baroi"]
[Result "0-1"]
[ECO "C00"]
[WhiteElo "1816"]
[BlackElo "1575"]
[Annotator "NA RC"]
[PlyCount "186"]
[EventDate "2022.02.15"]
[EventType "swiss"]
[EventCountry "BAN"]
[SourceTitle "playchess.com"]
[Source "ChessBase"]
[SourceQuality "1"]
[TimeControl "5400+30"]

1. e4 e6 2. d3 d5 3. Nd2 c5 4. Ngf3 Nc6 5. g3 Nf6 6. Bg2 dxe4 7. dxe4 e5 8. O-O b5 (8... Be6 $11 {remains equal.}) 9. Re1 (9. a4 $16 b4 10. Nc4) 9... Bg4 10. h3 Bh5 11. c3 Bd6 (11... Be7 $14) 12. Qc2 (12. g4 $16 Bg6 13. g5) 12... Qb6 (12... O-O $142) 13. a4 ({White should try} 13. g4 Bg6 14. a4) 13... O-O (13... Bxf3 $16 14. Bxf3 (14. Nxf3 b4 $16) 14... b4) 14. Nf1 (14. Qd3 $18) 14... h6 ({Black should try} 14... b4 $14) 15. g4 Bg6 16. Ng3 ({Resist} 16. Qd3 Na5 $14) ({White should play} 16. axb5 $16 Qxb5 17. Nh4) 16... a6 17. Nh4 ({Better is} 17. Nf5 $16 Bxf5 18. exf5) 17... Rae8 (17... c4 $11) 18. g5 hxg5 19. Bxg5 Re6 (19... Be7 $1 $14) 20. axb5 axb5 21. Red1 (21. Nxg6 $16 fxg6 22. Be3) 21... Ne7 (21... c4 $14) 22. Ngf5 (22. Nhf5 $142 Re8 23. c4) 22... Bb8 $2 (22... Nc8 $16 {is more resistant.}) 23. Rd3 $2 (23. Bxf6 $18 gxf6 24. Rd7) 23... Bxf5 24. exf5 Rd6 25. Rg3 Rfd8 26. Qe2 (26. Bxf6 $142 Rxf6 27. Be4) 26... Ned5 27. Bxd5 ({Don't blunder} 27. Qxe5 $2 Re8 28. Qxe8+ (28. Bxf6 $2 Nxf6 29. Qxe8+ Nxe8 $19) 28... Nxe8 $19) 27... Rxd5 28. Bh6 Ne8 29. f6 $2 (29. Bg5 $1 $11 {and White has nothing to worry.}) 29... e4 $1 ({Weaker is} 29... Qxf6 30. Bg5 Qe6 31. Bxd8 Rxd8 32. Rd3 $16 (32. Qxb5 e4 $11)) 30. Rg2 $2 (30. Rg4 Qxf6 31. Be3) 30... Qxf6 31. Bxg7 Nxg7 32. Qg4 Bf4 33. Kh1 Rg5 34. Qe2 Rxg2 35. Nxg2 Bb8 36. Qxe4 Qe5 37. Qxe5 Bxe5 38. f4 Bf6 39. Ra6 Ne8 40. Rb6 b4 41. Rc6 bxc3 42. bxc3 Be7 43. Kg1 Rd1+ 44. Kf2 Rd2+ 45. Kf3 Rd3+ 46. Ne3 Rxc3 47. Rc8 Kf8 48. Ke4 Rc1 49. Nd5 Re1+ 50. Kf5 c4 51. Nc7 Bd6 52. Nxe8 Rxe8 53. Rxc4 Kg7 54. Kg5 Re3 55. Kg4 Re1 56. Rd4 Rg1+ 57. Kf3 Bb8 58. Rb4 Bd6 59. Rd4 Bc5 60. Rc4 Be7 61. Re4 Bf6 62. Kf2 Rg6 63. Ra4 Bh4+ 64. Kf1 Rg3 65. f5 Bf6 66. Kf2 Rxh3 67. Rg4+ Kf8 68. Ra4 Rh5 69. Ra5 Bd4+ 70. Kf3 f6 71. Kg4 Rg5+ 72. Kf4 Kg7 73. Rd5 Bb2 74. Rb5 Bc1+ 75. Ke4 Kh6 76. Rb1 Ba3 77. Ra1 Bb2 78. Rb1 $19 Be5 79. Rh1+ Kg7 80. Rb1 Rg4+ 81. Kd5 Rf4 82. Ke6 Rh4 83. Rb7+ Kh6 84. Rb1 Rg4 85. Rb7 Rg8 86. Rb1 Rg4 87. Rb7 Rd4 88. Rb1 Rd6+ 89. Kf7 Kg5 90. Rf1 Bf4 91. Ke7 Rb6 92. Kd7 Kxf5 93. Rg1 Rb3 0-1

[Event "WALTON 40th BAN-ch U20 Open 2022"]
[Site "Dhaka"]
[Date "2022.02.21"]
[Round "7.8"]
[White "Sajidul, Haque"]
[Black "Mortuza Muhtadi, Islam"]
[Result "1/2-1/2"]
[ECO "B01"]
[WhiteElo "1766"]
[BlackElo "1485"]
[Annotator "NA RC"]
[PlyCount "156"]
[EventDate "2022.02.15"]
[EventType "swiss"]
[EventCountry "BAN"]
[SourceTitle "playchess.com"]
[Source "ChessBase"]
[SourceQuality "1"]
[TimeControl "5400+30"]

1. e4 d5 2. exd5 Nf6 3. d4 Bg4 4. f3 Bf5 5. Bb5+ c6 6. dxc6 bxc6 7. Bd3 Bxd3 8. Qxd3 e6 9. Nd2 Be7 10. Ne4 O-O 11. Ne2 Nxe4 12. fxe4 c5 13. c3 Nc6 14. O-O cxd4 15. cxd4 Nb4 16. Qd2 Rc8 17. Nc3 Qb6 18. Kh1 Rfd8 19. Qf2 f6 20. Rd1 Rc7 21. a3 Nc6 22. Be3 Qb3 23. d5 Ne5 24. Bf4 Bc5 25. Qg3 Qxb2 26. Na4 Qf2 27. Nxc5 Qxg3 28. Bxg3 Rxc5 29. Bxe5 fxe5 30. dxe6 Rdc8 31. Kg1 R5c6 32. e7 Re8 33. Rd7 a6 34. Rad1 Kf7 35. R1d6 Rc1+ 36. Kf2 Rc2+ 37. Kf1 Rc1+ 38. Ke2 Rc2+ 39. Rd2 Rxd2+ 40. Kxd2 Rxe7 41. Rd5 Ke6 42. Kc3 Rd7 43. Ra5 Rd6 44. Rc5 Rd4 45. Rc7 Rd7 46. Rc4 Kd6 47. Ra4 Rc7+ 48. Kd3 Rc6 49. Ra5 Ke6 50. a4 Rd6+ 51. Kc3 Rc6+ 52. Kb3 Rb6+ 53. Kc3 Rc6+ 54. Kd3 Rd6+ 55. Ke3 Rb6 56. h4 Rd6 57. Rc5 h6 58. Rc7 Kf6 59. a5 g6 60. h5 Kg5 61. hxg6 Kxg6 62. Rb7 Kf6 63. Kf3 Kg5 64. Rb6 Rf6+ 65. Ke3 h5 66. Kd3 Rf2 67. Rxa6 Rxg2 68. Ra8 Ra2 69. Kc4 h4 70. Kd5 Kf4 71. Rf8+ Ke3 72. Ra8 Kf4 73. a6 h3 74. Re8 Ke3 75. Rh8 Ra5+ 76. Ke6 Rxa6+ 77. Kxe5 Ra5+ 78. Kd6 Kxe4 1/2-1/2

[Event "WALTON 40th BAN-ch U20 Open 2022"]
[Site "Dhaka"]
[Date "2022.02.22"]
[Round "8.8"]
[White "Mortuza Muhtadi, Islam"]
[Black "Justin Matthias Baroi"]
[Result "1/2-1/2"]
[ECO "C00"]
[WhiteElo "1485"]
[BlackElo "1575"]
[Annotator "NA RC"]
[PlyCount "65"]
[EventDate "2022.02.15"]
[EventType "swiss"]
[EventCountry "BAN"]
[SourceTitle "playchess.com"]
[Source "ChessBase"]
[SourceQuality "1"]
[TimeControl "5400+30"]

1. e4 e6 2. d3 d5 3. Qe2 b6 4. g3 Bb7 5. Bg2 c5 6. Nf3 Bd6 7. e5 Bf8 8. c4 Ne7 9. Nh4 Nbc6 10. Na3 Nd4 11. Qd1 Ng6 12. Nxg6 hxg6 13. O-O Be7 14. Nc2 Nf5 15. Ne3 Rb8 16. Nxf5 gxf5 17. Qa4+ Kf8 18. Qxa7 Qc7 19. Qa4 Ra8 20. Qb3 dxc4 21. dxc4 Bxg2 22. Kxg2 Qb7+ 23. f3 g5 24. Be3 Kg7 25. Rh1 g4 26. Bf4 Rad8 27. Rad1 Qxf3+ 28. Qxf3 gxf3+ 29. Kxf3 Rxd1 30. Rxd1 Rxh2 31. Rd2 Rxd2 32. Bxd2 f6 33. Bf4 1/2-1/2

[Event "WALTON 40th BAN-ch U20 Open 2022"]
[Site "Dhaka"]
[Date "2022.02.23"]
[Round "9.6"]
[White "Sajidul, Haque"]
[Black "Tahmidul, Haque"]
[Result "0-1"]
[ECO "B48"]
[WhiteElo "1766"]
[BlackElo "1756"]
[Annotator "NA RC"]
[PlyCount "64"]
[EventDate "2022.02.15"]
[EventType "swiss"]
[EventCountry "BAN"]
[SourceTitle "playchess.com"]
[Source "ChessBase"]
[SourceQuality "1"]
[TimeControl "5400+30"]

1. e4 c5 2. Nf3 e6 3. d4 cxd4 4. Nxd4 Nc6 5. a3 Qc7 6. Nc3 a6 7. Be3 Nf6 8. Be2 b5 9. f3 Bb7 10. O-O h5 11. Qe1 Bd6 12. Qh4 Ne5 13. Rad1 Ng6 14. Qh3 Nf4 15. Bxf4 Bxf4 16. Kh1 O-O-O 17. a4 b4 18. Na2 h4 19. Nxb4 Nh5 20. Rd3 Qb6 21. Rc3+ Kb8 22. Nxa6+ Ka8 23. Nc5 Ng3+ 24. Kg1 Nxe2+ 25. Nxe2 Bd2 26. a5 Qa7 27. Ra3 Qxc5+ 28. Kh1 Ba6 29. c3 Bxe2 30. b4 Qe3 31. Rb1 Bd3 32. Rba1 Bc1 0-1

[Event "WALTON 40th BAN-ch U20 Open 2022"]
[Site "Dhaka"]
[Date "2022.02.23"]
[Round "9.7"]
[White "Sajib, Das"]
[Black "Souradip, Datta"]
[Result "1-0"]
[ECO "B50"]
[WhiteElo "1816"]
[BlackElo "1198"]
[Annotator "NA RC"]
[PlyCount "89"]
[EventDate "2022.02.15"]
[EventType "swiss"]
[EventCountry "BAN"]
[SourceTitle "playchess.com"]
[Source "ChessBase"]
[SourceQuality "1"]
[TimeControl "5400+30"]

1. e4 c5 2. Nf3 d6 3. g3 Nc6 4. Bg2 Bg4 5. d3 Nd4 6. Nbd2 Qd7 7. h3 Bh5 8. c3 Nxf3+ 9. Nxf3 e6 10. O-O Be7 11. d4 cxd4 12. cxd4 (12. g4 $14 Bg6 13. Nxd4 (13. Qxd4 Nf6 $11)) 12... Nf6 13. Qd3 Bg6 14. Nh4 $1 Rb8 (14... d5 $11) 15. f4 (15. Nxg6 $14 hxg6 16. Bf4) 15... d5 16. Nxg6 {[%emt 0:11:35] [#]} hxg6 ({Better is} 16... dxe4 $1 $15 17. Bxe4 hxg6) 17. e5 $1 Nh7 (17... Ne4 $1 $11 {keeps the balance.}) 18. Bd2 Rc8 19. g4 b6 20. f5 (20. Bf3 $16) 20... gxf5 21. gxf5 exf5 22. Rxf5 ({Much weaker is} 22. Qxf5 $6 Qxf5 23. Rxf5 g6 $11) 22... Rc4 $2 {[%emt 0:03:55] [#]} (22... g6 $16 23. Rf4 Ng5) 23. Bc3 $2 (23. e6 $1 $18 fxe6 24. Rh5) 23... Ng5 ({Black should play} 23... g6 $1 $14 24. Rf4 Ng5) 24. e6 fxe6 {[%emt 0:04:05] [#]} (24... Nxe6 $16 25. Re1 (25. Rxd5 Qc8 $16) (25. Bxd5 Rc7 $16) 25... Rc6) 25. Rxg5 $1 Bxg5 26. Qg6+ Qf7 27. Qxg5 O-O 28. Rf1 Qe8 $2 (28... Qc7 {is a better defense.} 29. Qg4 Rc6 30. Rxf8+ Kxf8) 29. h4 $2 (29. Re1 $18 {and the rest is easy.}) 29... Rc7 $2 {[%emt 0:01:20] [#]} (29... Rc8 $16 {was worth a try.} 30. Re1 Rf6) 30. Qg3 (30. Re1 $1 $18) 30... Rcf7 {[%emt 0:01:33] [#]} 31. Re1 $1 Rf5 (31... Rf6 $16) 32. Bd2 R8f6 (32... Kh7 $16 33. a3 Qf7) 33. Bg5 Rg6 $2 (33... Rf8 34. Bh3 Rf3) 34. Re5 Qc6 35. Rxf5 exf5 36. Qe5 ({Less strong is} 36. Qb8+ Kh7 37. Qe5 (37. Qxa7 Rxg5 38. hxg5 Qc1+ 39. Bf1 Qxg5+ 40. Kh1 Qh4+ 41. Kg2 Qe4+ 42. Kh2 Qf4+ 43. Kg2 Qg4+ 44. Kh2 Qf4+ 45. Kg2 Qe4+ 46. Kh2 Qf4+ $11) 37... Rxg5 38. hxg5 Qc1+ 39. Kh2 Kg6 40. Qe8+ (40. Qxd5 Qf4+ 41. Kg1 Qe3+ 42. Kf1 Qc1+ 43. Kf2 Qd2+ 44. Kf3 Qxb2 $18) 40... Kxg5 41. Qe7+ (41. Bxd5 Qxb2+ 42. Bg2 Qxd4 $11) 41... Kg6 $18) 36... Re6 $2 (36... Qc2 $18 37. Bxd5+ Kh7) 37. Bxd5 Qe8 38. Qxf5 Kh8 39. Bxe6 a5 40. Bh6 Qb8 {[%emt 0:14:04] [#]} 41. Bxg7+ $1 Kxg7 42. Qg5+ Kh7 43. Bf5+ Kh8 44. Qh6+ Kg8 45. Be6# 1-0